 Dungeon Crawl Stone Soup version 0.20-a0 (webtiles) character file.

818 varam the Cruncher (level 7, 24/40 HPs)
             Began as a Gargoyle Gladiator on Oct 27, 2016.
             Quit the game on level 5 of the Dungeon.
             The game lasted 00:09:56 (3765 turns).

varam the Cruncher (Gargoyle Gladiator)             Turns: 3765, Time: 00:09:57

Health: 24/40      AC: 11    Str: 19    XL:     7   Next: 94%
Magic:  7/7        EV: 11    Int:  8    God:
Gold:   375        SH:  0    Dex: 12    Spells: 0 memorised, 6 levels left

rFire  . . .     SeeInvis .     a - +0 quarterstaff
rCold  . . .     Gourm    .     i - +0 ring mail (curse)
rNeg   + . .     Faith    .     (shield currently unavailable)
rPois  ∞         Spirit   .     c - +0 helmet
rElec  +         Reflect  .     k - +0 cloak
rCorr  .         Harm     .     (no gloves)
MR     .....                    (no boots)
Stlth  +.........               (no amulet)
                                (no ring)
                                r - ring of flight

@: no status effects
A: negative energy resistance 1, electricity resistance, unbreathing,
petrification resistance, rot immunity, AC +4
a: Evoke Flight


You were on level 5 of the Dungeon.
You were hungry.

You visited 2 branches of the dungeon, and saw 7 of its levels.

You collected 375 gold pieces.

Inventory:

Hand Weapons
 a - a +0 quarterstaff (weapon)
Missiles
 d - 3 throwing nets (quivered)
 p - 134 stones
 E - 7 poisoned tomahawks
Armour
 b - a +0 leather armour
 c - a +0 helmet (worn)
 i - a cursed +0 ring mail (worn)
 k - a +0 cloak (worn)
Jewellery
 r - a ring of flight (left hand)
Wands
 u - a wand of enslavement (11/24)
 y - a wand of flame (15/48)
Scrolls
 e - 2 scrolls of fog {unknown}
 h - 2 scrolls of blinking {unknown}
 j - a scroll of magic mapping {unknown}
 n - 6 scrolls of identify {unknown}
 o - 2 scrolls of fear {unknown}
 q - 3 scrolls of remove curse {unknown}
 w - 3 scrolls of recharging {unknown}
 D - 2 scrolls of teleportation {unknown}
Potions
 l - a potion of curing {unknown}
 m - 2 potions of heal wounds {unknown}
 s - 2 potions of flight {unknown}
 v - 2 potions of mutation {unknown}
 x - a potion of resistance {unknown}
 A - a potion of berserk rage {unknown}
 B - a potion of brilliance {unknown}
 C - 2 potions of lignification {unknown}
 F - a potion of cancellation {unknown}
Comestibles
 f - 5 bread rations
 g - 3 fruits
 t - 2 meat rations


   Skills:
 - Level 2.1 Fighting
 + Level 9.2 Staves
 - Level 1.7 Throwing
 - Level 2.4 Dodging


You had 6 spell levels left.
You didn't know any spells.

Dungeon Overview and Level Annotations

Branches:
Dungeon (6/15)             Temple (1/1) D:5

Altars:
Ashenzari
Dithmenos
Kikubaaqudgha
Makhleb
Nemelex Xobeh
Sif Muna
Uskayaw
Vehumet
The Shining One


Innate Abilities, Weirdness & Mutations

You are resistant to torment.
Your stone body is resilient. (AC +4)
You are immune to poison.
You resist negative energy. (rN+)
You are resistant to electric shocks. (rElec)
You can survive without breathing.
You are immune to petrification.
You are immune to rotting.


Message History

The hippogriff is severely wounded.
The hippogriff closely misses you. The hippogriff completely misses you.
The hippogriff claws you but does no damage.
You closely miss the hippogriff.
The hippogriff is severely wounded.
The hippogriff barely misses you. The hippogriff closely misses you. x2
You hit the hippogriff.
The hippogriff is almost dead.
You barely miss the hippogriff.
The hippogriff is almost dead.
The hippogriff bites you but does no damage.
The hippogriff pecks you but does no damage.
The hippogriff claws you.
You thump the hippogriff!
You kill the hippogriff!
Your Staves skill increases to level 9!
You see here a hippogriff corpse.
Wear which item? (? for menu, Esc to quit)
Okay, then.
Are you sure you want to abandon this character and quit the game? (Confirm with "yes".)

#.# #.....
#.#
######.....
#.#
#.......###
#.#
#.......#
#.#
#.......#
#(#
#.......#
#.##########
#.......#
#..........#
#.......#
##########@#
#.......#
#.#
#.......#
#.# #.# #.#
#.# #.# #.#


There were no monsters in sight!

Vanquished Creatures
  2 hippogriffs
  A bullfrog (D:4)
  2 howler monkeys
  A bullfrog skeleton (D:5)
  An orc wizard (D:5)
  3 worker ants
  A hound skeleton (D:5)
  4 gnolls
  6 adders
  An ooze (D:3)
  5 worms
  2 dart slugs
  7 orcs
  12 bats
  3 giant cockroaches (D:1)
  6 goblins
  5 hobgoblins (D:2)
  10 jackals
  5 kobolds
  2 quokkas
  A ball python (D:3)
  6 frilled lizards
  A quokka zombie (D:5)
  3 rats
90 creatures vanquished.

Notes
Turn   | Place    | Note
-------+----------+-------------------------------------------
     0 | D:1      | varam the Gargoyle Gladiator began the quest for the Orb.
     0 | D:1      | Reached XP level 1. HP: 12/12 MP: 1/1
   141 | D:1      | Reached XP level 2. HP: 3/17 MP: 2/2
   644 | D:1      | Reached skill level 4 in Staves
   797 | D:1      | Reached XP level 3. HP: 21/21 MP: 3/3
  1405 | D:2      | Reached XP level 4. HP: 22/26 MP: 4/4
  1488 | D:1      | Reached skill level 5 in Staves
  1768 | D:2      | Reached XP level 5. HP: 28/30 MP: 5/5
  2300 | D:3      | Reached skill level 6 in Staves
  2302 | D:3      | Noticed a hippogriff
  2317 | D:3      | Killed a hippogriff
  2317 | D:3      | Reached skill level 7 in Staves
  2317 | D:3      | Reached XP level 6. HP: 11/35 MP: 6/6
  2955 | D:4      | Reached XP level 7. HP: 28/40 MP: 7/7
  2974 | D:5      | Entered Level 5 of the Dungeon
  3037 | D:5      | Reached skill level 8 in Staves
  3400 | D:5      | Found a staircase to the Ecumenical Temple.
  3424 | Temple   | Entered the Ecumenical Temple
  3752 | D:5      | Noticed a hippogriff
  3763 | D:5      | Killed a hippogriff
  3763 | D:5      | Reached skill level 9 in Staves
  3765 | D:5      | Quit the game

Vault maps used:
D:1:      dpeg_arrival_short_road, kennysheep_small_spiral
D:2:      serial_park_tiny_2
D:3:      first_bread
D:6:      nicolae_overflow_crystal_walls, kennysheep_generic_room_5,
          uniq_blork_the_orc, uniq_pikel, uniq_sigmund
Temple:   compressed_dpeg_triangle_lava_temple

Skill      XL: |  1  2  3  4  5  6  7 |
---------------+----------------------+-----
Staves         | 4 5 7 9 |  9.2
Fighting       | |  2.1
Throwing       | |  1.7
Dodging        | |  2.4

Action                   |  1- 3 |  4- 6 |  7- 9 || total
-------------------------+-------+-------+-------++-------
Melee: Quarterstaff      |   153 |   157 |    69 ||   379
Throw: Throwing net      |     1 |       |       ||     1
  Eat: Chunk             |     2 |     5 |     2 ||     9
Armor: Leather armour    |    36 |       |       ||    36
       Ring mail         |    44 |    84 |    36 ||   164
Dodge: Dodged            |   118 |    97 |    30 ||   245
